 Dungeon Crawl Stone Soup version 0.28.0-53-g5a82cb258f (webtiles) character file.

Game seed: 5708280156554898471

1169 Ashen the Magician (level 8, -4/60 HPs)
             Began as a Mummy Fire Elementalist on July 22, 2022.
             Was a Follower of Ashenzari.
             Engulfed by a steam dragon's steam (9 damage)
             ... on level 7 of the Dungeon.
             The game lasted 00:19:21 (8190 turns).

Ashen the Magician (Mummy Fire Elementalist)        Turns: 8190, Time: 00:19:22

Health: -4/60      AC:  7    Str: 11    XL:     8   Next: 17%
Magic:  16/16      EV: 12    Int: 16    God:    Ashenzari [*.....]
Gold:   280        SH:  0    Dex: 13    Spells: 4/17 levels left

rFire   . . .      SeeInvis .   k - +2 dagger (venom)
rCold   + . .      Faith    .   (no shield)
rNeg    + + +      Spirit   .   a - +2 leather armour {rF+}
rPois   ∞          Reflect  .   j - +0 helmet "Ensconced Yoke" {Bglg, Alch} (curse)
rElec   .          Harm     .   (no cloak)
rCorr   +          Rampage  .   n - +0 pair of gloves of Ashenzari's Soothsayer {Bglg, Comp} (curse)
Will    +....                   (no boots)
Stlth   ++........              (no amulet)
HPRegen 0.20/turn               f - ring of resist corrosion
MPRegen 0.15/turn               (no ring)

@: no status effects
A: cold resistance 1, negative energy resistance 3, torment resistance 2, heat
vulnerability 1, no potions
a: Renounce Religion, Shatter the Chains


You were on level 7 of the Dungeon.
You worshipped Ashenzari.
Ashenzari was aware of your devotion.
You visited 2 branches of the dungeon, and saw 8 of its levels.
You also visited: Sewer.

You collected 280 gold pieces.

Inventory:

Hand Weapons
 i - a +0 scimitar
 k - a +2 dagger of venom (weapon)
 m - a +1 whip of electrocution
Armour
 a - a +2 leather armour of fire resistance (worn)
 j - the cursed +0 helmet "Ensconced Yoke" (worn) {Bglg, Alch}
   (You found it on level 3 of the Dungeon)

   It has a curse which improves the following skills: Beguiling: Conjurations,
   Hexes and Translocations.
   Alchemy:   Poison Magic and Transmutations.
 n - the cursed +0 pair of gloves of Ashenzari's Soothsayer (worn) {Bglg, Comp}
   (You found it on level 3 of the Dungeon)

   It has a curse which improves the following skills: Beguiling: Conjurations,
   Hexes and Translocations.
   Companions: Summonings and Necromancy.
Jewellery
 f - a ring of resist corrosion (left hand)
Wands
 b - a wand of flame (23)
 q - a wand of polymorph (9)
Scrolls
 c - a scroll of holy word
 e - 2 scrolls of fear
 g - a scroll of enchant weapon
 h - a scroll of magic mapping
 l - a scroll of immolation
 o - a scroll of brand weapon
 p - a scroll of teleportation
 r - a scroll of vulnerability
 s - a scroll of fog


   Skills:
 + Level 3.8 Fighting
 + Level 3.5 Dodging
 + Level 3.9 Stealth
 + Level 5.4 Spellcasting
 + Level 3.2(4.4) Conjurations
 + Level 3.9 Fire Magic


You had 4 spell levels left.
You knew the following spells:

 Your Spells              Type           Power      Damage    Failure   Level
a - Foxfire               Conj/Fire      68%        2x1d7     3%          1
b - Scorch                Fire           34%        2d7       5%          2
c - Conjure Flame         Conj/Fire      17%        6-21      11%         3
d - Flame Wave            Conj/Fire      17%        2d6       34%         4
e - Inner Flame           Hex/Fire       10%        N/A       24%         3

Your spell library contained the following spells:

 Spells                   Type           Power      Damage    Failure   Level
 Dazzling Flash           Conj/Hex       22%        N/A       22%         3
 Ensorcelled Hibernation  Hex/Ice        8%         N/A       28%         2
 Gell's Gravitas          Tloc           4%         N/A       47%         3
 Lesser Beckoning         Tloc           4%         N/A       47%         3
 Teleport Other           Tloc           4%         N/A       47%         3
 Iskenderun's Mystic Bla  Conj/Tloc      11%        2d4       58%         4
 Anguish                  Hex/Necr       2%         N/A       88%         4
 Starburst                Conj/Fire      8%         6d4       99%         6
 Spider Form              Tmut/Pois      Unusable   N/A       N/A         3

Dungeon Overview and Level Annotations

Branches:
Dungeon (7/15)             Temple (1/1) D:4           Sewer (visited)

Altars:
Ashenzari
Cheibriados
Dithmenos
Elyvilon
Fedhas
Gozag
Hepliaklqana
Kikubaaqudgha
Makhleb
Nemelex Xobeh
Okawaru
Qazlal
Ru
Trog
Uskayaw
Vehumet
Wu Jian
Xom
Yredelemnul
Zin
The Shining One

Shops:
D:1 =(*=(   D:6 (

Annotations:
D:3 2 transporters, erker's ghost, amateur OpTm
D:4 2 transporters, SHADDY's ghost, novice DsFi


Innate Abilities, Weirdness & Mutations

You are immune to poison.
Your flesh is cold resistant. (rC+)
You are immune to negative energy. (rN+++)
You are immune to unholy pain and torment.
You are vulnerable to heat. (rF-)
You do not drink.


Message History

Found a +0 mace.
The steam dragon hisses angrily.
The steam dragon breathes steam at you. The ball of steam hits you!!
You start resting.
A steam dragon is nearby!
The steam dragon bites you. The steam dragon misses you.
You barely miss the steam dragon. The steam dragon misses you.
The steam dragon claws you but does no damage.
You hit the steam dragon but do no damage.
The steam dragon is poisoned.
The steam dragon completely misses you.
The steam dragon claws you but does no damage.
You hit the steam dragon but do no damage.
You punch the steam dragon.
The steam dragon is lightly wounded.
The steam dragon bites you. The steam dragon misses you.
You hit the steam dragon.
The steam dragon looks as sick as possible!
The steam dragon is moderately wounded.
The steam dragon breathes steam at you. The ball of steam hits you!
You hit the steam dragon.
The steam dragon looks as sick as possible!
Your punch misses the steam dragon.
The steam dragon is heavily wounded.
You are engulfed in a cloud of scalding steam.
The steam dragon barely misses you.
The steam dragon claws you but does no damage.
You hit the steam dragon but do no damage.
The steam dragon looks as sick as possible!
The steam dragon is heavily wounded.
You are engulfed in a cloud of scalding steam.
The steam dragon breathes steam at you. The ball of steam hits you!
* * * LOW HITPOINT WARNING * * *
You hit the steam dragon but do no damage.
The steam dragon looks as sick as possible!
The steam dragon is severely wounded.
You are engulfed in a cloud of scalding steam.
You die...

#.......#.?###.# #D.#
#............#(# ...#
####.#.##..###.# #..#
.....#.##..#.... #..#
####...###.#.#.###§.#
##...###...§....§.#
)..(.....#.#.###§.#
.....###.#)..§.#..#
......###.###.#@#..#
..).>.....)#.#.D..#
#######..###.###..#
#..........##
#...######## #####


You could see a steam dragon (extremely poisoned, catching breath).

Vanquished Creatures
  A hornet (D:6)
  A necrophage (D:4)
  A centaur (D:7)
  A kobold brigand (Sewer)
  2 scorpions
  A water moccasin zombie (D:5)
  A wyvern skeleton (D:5)
  A bullfrog zombie (D:7)
  A centaur skeleton (D:6)
  A gnoll shaman (D:4)
  An orc wizard (D:7)
  3 iguanas
  A killer bee zombie (D:5)
  A hound zombie (D:5)
  2 hound skeletons (D:5)
  A howler monkey zombie (D:5)
  3 adders
  8 gnolls
  A howler monkey skeleton (D:6)
  A white imp (D:6)
  3 adder skeletons (D:4)
  2 worms (D:3)
  3 dart slugs
  15 orcs
  8 ball pythons
  5 bats
  9 endoplasms
  9 giant cockroaches
  4 goblins
  5 hobgoblins
  6 quokkas
  4 frilled lizards
  16 kobolds
  5 rats
127 creatures vanquished.

Vanquished Creatures (collateral kills)
  A foxfire (D:1)
1 creature vanquished.

Vanquished Creatures (others)
  258 foxfires
  A fungus (Sewer)
  8 plants
267 creatures vanquished.

Grand Total: 395 creatures vanquished

Notes
Turn   | Place    | Note
-------+----------+-------------------------------------------
     0 | D:1      | Ashen the Mummy Fire Elementalist began the quest for the
                  | Orb.
     0 | D:1      | Reached XP level 1. HP: 13/13 MP: 4/4
   131 | D:1      | Found Awousyk's Assorted Antiques.
   274 | D:1      | Found Wim Dik's Jewellery Boutique.
   410 | D:1      | Found Dagulal's Weapon Shoppe.
   426 | D:1      | Reached skill level 1 in Conjurations
   426 | D:1      | Reached XP level 2. HP: 20/20 MP: 2/5
   501 | D:1      | Found Hidwap's Jewellery Shoppe.
   709 | D:1      | Found Etus's Weapon Shop.
   911 | D:1      | Found a faded altar of an unknown god.
  1355 | D:2      | Reached skill level 3 in Spellcasting
  1442 | D:2      | Reached skill level 1 in Fighting
  1493 | D:2      | Reached XP level 3. HP: 26/26 MP: 4/7
  1496 | D:2      | Found a basalt altar of Yredelemnul.
  2239 | D:3      | Found a transporter.
  2244 | D:3      | Found a transporter.
  2276 | D:3      | Found a glowing drain.
  2302 | D:3      | Reached XP level 4. HP: 28/32 MP: 0/8
  2320 | D:3      | Learned a level 2 spell: Scorch
  2324 | D:3      | Learned a level 3 spell: Conjure Flame
  2325 | Sewer    | Entered a sewer
  2974 | Sewer    | Noticed a kobold brigand
  2989 | Sewer    | Killed a kobold brigand
  2990 | Sewer    | Reached XP level 5. HP: 16/38 MP: 0/10
  3224 | D:3      | Learned a level 4 spell: Flame Wave
  3856 | D:3      | Noticed erker's ghost (amateur OpTm)
  4176 | D:4      | Reached skill level 4 in Spellcasting
  4176 | D:4      | Reached XP level 6. HP: 22/44 MP: 10/12
  4640 | D:4      | Found a transporter.
  4643 | D:4      | Noticed SHADDY's ghost (novice DsFi)
  4682 | D:4      | Found a transporter.
  4815 | D:4      | Found a staircase to the Ecumenical Temple.
  4821 | Temple   | Entered the Ecumenical Temple
  5092 | Temple   | Became a worshipper of Ashenzari the Shackled
  5195 | D:4      | Learned a level 3 spell: Inner Flame
  5293 | D:5      | Entered Level 5 of the Dungeon
  5540 | D:5      | Reached XP level 7. HP: 12/51 MP: 11/13
  5858 | D:5      | HP: 2/51 [wyvern skeleton (6)]
  6759 | D:6      | Noticed a hornet
  6774 | D:6      | Killed a hornet
  6775 | D:6      | Reached skill level 5 in Spellcasting
  7080 | D:6      | Found Woucweoc's Weapon Shoppe.
  7399 | D:6      | Reached * piety under Ashenzari
  7499 | D:7      | Reached XP level 8. HP: 52/58 MP: 15/15
  8190 | D:7      | Engulfed by a steam dragon's steam

Illustrated notes

Levels and vault maps discovered:
D:1:      evilmike_arrival_hilbert_curve, layout_loops_ring, serial_shops,
          nicolae_shop_hallway_plus, shop, nicolae_shop_overgrown_old_shop,
          nicolae_shop_advertising_works [nicolae_subvault_shop_adworks], shop,
          shapermc_ecumenical_altar_hornbeckon
D:2:      layout_basic, basic_altar
D:3:      layout_loops_ring, gup_sewer_entry_pipe, gammafunk_ghost_gnarly_gnolls
D:4:      layout_loops_ring, minmay_temple_entry_enclosed_plants,
          gammafunk_ghost_stat_death, kennysheep_minor_cross,
          hangedman_decor_growths
D:5:      layout_loops_ring
D:6:      layout_basic, serial_shops, shop
D:7:      layout_basic, led_sif_book, minmay_misc_feat_roman
Temple:   nicolae_temple_the_god_donut

Skill      XL: |  1  2  3  4  5  6  7 |
---------------+----------------------+-----
Conjurations   | 1 2 3 |  3.2
Spellcasting   | 3 4 5 |  5.4
Fighting       | 1 2 3 |  3.8
Stealth        | 2 3 |  3.9
Dodging        | 2 3 |  3.5
Fire Magic     | 3 |  3.9

Action                   |  1- 3 |  4- 6 |  7- 9 || total
-------------------------+-------+-------+-------++-------
Melee: Dagger            |    10 |    87 |    60 ||   157
       Scimitar          |    27 |    18 |       ||    45
       Punch             |     2 |     2 |     1 ||     5
       Whip              |       |    44 |    17 ||    61
 Cast: Foxfire           |    59 |    50 |    45 ||   154
       Scorch            |       |     5 |     9 ||    14
       Conjure Flame     |       |       |     2 ||     2
Invok: Curse Item        |       |       |     2 ||     2
 Stab: Sleeping          |     1 |     5 |     1 ||     7
Armor: Robe              |    11 |    18 |       ||    29
       Leather armour    |       |    29 |    30 ||    59
Dodge: Dodged            |    22 |    90 |    71 ||   183
